 Seeded DCSS version 0.31-a0-1074-g0b22e4e0f1 (webtiles) character file.

Game seed: 9698261311993447001 (custom seed)

25722 croobank the Thaumaturge (level 12, -6/94 HPs)
             Began as a Demonspawn Gladiator on Nov 27, 2023.
             Was an Initiate of Gozag.
             Mangled by a tyrant leech (25 damage)
             ... on level 2 of the Lair of Beasts.
             The game lasted 00:51:30 (18605 turns).

croobank the Thaumaturge (Demonspawn Gladiator)    Turns: 18605, Time: 00:51:31

Health: -6/94      AC: 16    Str: 13    XL:     12   Next: 92%
Magic:  0/25       EV: 15    Int: 13    God:    Gozag
Gold:   2454       SH:  0    Dex: 15    Spells: 20/29 levels left

rFire   + . .        a - +8 lance "Wyrmbane" {slay drac, rPois rF+ rC+ AC+3}
rCold   + . .        (no shield)
rNeg    + . .        D - +4 leather armour "Vooloust" {Rampage +Inv Str-3 Stlth+}
rPois   +            c - +2 helmet
rElec   .            (cloak unavailable)
rCorr   .            (no gloves)
SInv    +            (no boots)
Will    +....        g - amulet "Ryimien" {Spirit rN+ Will+}
Stlth   +            P - ring of see invisible
HPRegen 0.35/turn    (no ring)
MPRegen 0.19/turn

%: guardian spirit, rampage
@: confusing by touch, gold aura, very slow
A: icy blue scales 2, demonic guardian 1, powered by death 1, weakness stinger 3
a: Renounce Religion, Evoke Invisibility, Potion Petition, Call Merchant, Bribe
Branch


You were on level 2 of the Lair of Beasts.
You worshipped Gozag.
Gozag was most pleased with you.
You visited 2 branches of the dungeon, and saw 16 of its levels.
You also visited: Bailey and Gauntlet.

You collected 2623 gold pieces.
You spent 84 gold pieces at shops.
You paid 85 gold pieces to Gozag.

Inventory:

Hand Weapons
 a - the +8 lance "Wyrmbane" (weapon) {slay drac, rPois rF+ rC+ AC+3}
   (You found it on level 3 of the Dungeon)

   AC+3:      It affects your AC (+3).
   rF+:       It protects you from fire.
   rC+:       It protects you from cold.
   rPois:     It protects you from poison
 b - a +1 hand cannon of draining
 x - a +0 scythe of flaming
 K - a +3 dagger of venom
Missiles
 e - 6 javelins
 m - 51 poisoned darts
 y - 21 boomerangs
 z - 2 atropa-tipped darts
 B - 6 silver javelins
 T - 2 curare-tipped darts
 Y - a throwing net
Armour
 c - a +2 helmet (worn)
 p - a +0 robe of fire resistance
 q - a +0 ring mail
 v - +0 ice dragon scales
 C - the +0 ice dragon scales "Cysielesh" {Contam Rampage rF- rC++ rCorr Dex+4}
   (You took it off a minotaur in a Gauntlet)

   Dex+4:     It affects your dexterity (+4).
   rF-:       It makes you vulnerable to fire.
   rC++:      It greatly protects you from cold.
   Contam:    It causes magical contamination when unequipped.
   rCorr:     It protects you from acid and corrosion.
   Rampage:   It bestows one free step when moving towards enemies.
 D - the +4 leather armour "Vooloust" (worn) {Rampage +Inv Str-3 Stlth+}
   (You found it on level 5 of the Dungeon)

   Str-3:     It affects your strength (-3).
   +Inv:      It lets you turn invisible.
   Rampage:   It bestows one free step when moving towards enemies.
   Stlth+:    It makes you more stealthy.
 H - a +0 leather armour
Magical Staves
 I - a staff of conjuration
 M - a staff of death
 N - a staff of earth
Jewellery
 g - the amulet "Ryimien" (around neck) {Spirit rN+ Will+}
   (You found it in a Gauntlet)

   [amulet of guardian spirit]

   Spirit:    It causes incoming damage to be divided between your reserves of
   health and magic.
   rN+:       It protects you from negative energy.
   Will+:     It increases your willpower.
 P - a ring of see invisible (left hand)
Talismans
 h - a talisman of death
 n - a beast talisman
Wands
 u - a wand of digging (6)
 G - a wand of roots (12)
 V - a wand of mindburst (2)
 W - a wand of charming (15)
Scrolls
 j - 5 scrolls of poison
 o - 2 scrolls of fear
 s - 2 scrolls of revelation
 t - 3 scrolls of teleportation
 w - 2 scrolls of blinking
 F - 3 scrolls of summoning
 J - 3 scrolls of amnesia
 L - 2 scrolls of identify
 R - a scroll of silence
 S - a scroll of enchant weapon
Potions
 f - 4 potions of enlightenment
 i - 3 potions of curing
 k - 6 potions of lignification
 l - 2 potions of magic
 r - a potion of resistance
 A - 4 potions of heal wounds
 E - 3 potions of mutation
 O - 5 potions of brilliance
 Q - a potion of attraction
 U - a potion of ambrosia
 X - a potion of berserk rage
 Z - a potion of might {unknown}
Miscellaneous
 d - a phantom mirror


   Skills:
 + Level 8.6 Fighting
 + Level 8.2 Polearms
 + Level 7.7 Throwing
 + Level 8.0 Dodging
 + Level 9.2 Spellcasting
 - Level 8.9 Hexes
 + Level 3.9 Translocations
 + Level 3.9 Ice Magic


You had 20 spell levels left.
You knew the following spells:

 Your Spells              Type           Power      Damage    Failure   Level
a - Slow                  Hex            100%       N/A       1%          1
b - Confusing Touch       Hex            29%        N/A       1%          3
c - Blink                 Tloc           32%        N/A       4%          2
d - Ozocubu's Armour      Ice            16%        N/A       9%          3

Your spell library contained the following spells:

 Spells                   Type           Power      Damage    Failure   Level
 Sigil of Binding         Hex            29%        N/A       1%          3
 Tukima's Dance           Hex            29%        N/A       1%          3
 Lesser Beckoning         Tloc           32%        N/A       4%          2
 Momentum Strike          Conj/Tloc      22%        3d8       11%         2
 Magic Dart               Conj           24%        1d4       16%         1
 Call Imp                 Summ           12%        N/A       24%         2
 Cigotuvi's Dreadful Rot  Necr/Pois/Air  12%        N/A       24%         2
 Passage of Golubria      Tloc           16%        N/A       30%         4
 Metabolic Englaciation   Hex/Ice        11%        N/A       30%         5
 Mephitic Cloud           Conj/Pois/Air  6%         N/A       43%         3
 Stone Arrow              Conj/Erth      12%        3d7       43%         3
 Vampiric Draining        Necr           6%         2d6       43%         3
 Yara's Violent Unravell  Hex/Tmut       8%         3d5       56%         5
 Animate Armour           Summ/Erth      12%        N/A       83%         4
 Spellforged Servitor     Conj/Summ      3%         N/A       100%        7
 Lehudib's Crystal Spear  Conj/Erth      3%         10d2      100%        8
 Simulacrum               Ice/Necr       Unusable   N/A       N/A         6

Dungeon Overview and Level Annotations

Branches:
Dungeon (13/15)            Temple (0/1) D:5            Lair (3/5) D:8
  Swamp (0/4) Lair:2          Orc (0/2) D:12         Bailey (visited)
Gauntlet (visited)
  Snake: Lair:2-3    Spider: Lair:2-3    Vaults: D:13-14

Altars:
Cheibriados
Gozag
Xom

Shops:
D:2 ?   D:6 [   D:8 :   D:11 *

Annotations:
D:3 3 runed translucent doors, hgbash's ghost, amateur SpSh; wildpjah's ghost, weakling MfSh
D:7 3 runed translucent doors
D:11 3 runed translucent doors, pokeman's ghost, novice DEHW


Innate Abilities, Weirdness & Mutations

You are mostly covered in icy blue scales. (AC +3)
A weak demonic guardian rushes to your aid.
You regenerate a little health from kills.
You have a sharp stinger which inflicts weakening toxins.


Message History

You reach to attack!
Your unstable footing causes you to fumble your attack.
You puncture the swamp worm! You tail-slap the swamp worm.
You kill the swamp worm!
Casting: Confusing Touch (safe; 1% risk of failure)
Confirm with . or Enter, or press ? or * to list all spells.
Your hands begin to glow red.
You are too injured to fight recklessly!
You are too injured to fight recklessly!
You are too injured to fight recklessly!
Reach: a) +8 lance "Wyrmbane" {slay drac, rPois rF+ rC+ AC+3}
Press: ? - help, Dir - move target, f - tyrant leech
Aim: a tyrant leech (moderately wounded, confused, chance to confuse on hit: 41%, about 19% to evade the +8 lance "Wyrmbane")
You reach to attack!
You hit the tyrant leech but do no damage.
The tyrant leech is moderately wounded.
Reach: a) +8 lance "Wyrmbane" {slay drac, rPois rF+ rC+ AC+3}
Press: ? - help, Dir - move target, f/p - tyrant leech
Aim: a tyrant leech (moderately wounded, confused, chance to confuse on hit: 41%, about 19% to evade the +8 lance "Wyrmbane")
Your unstable footing causes you to fumble your attack.
The tyrant leech bites you!!
* * * LOW HITPOINT WARNING * * *
A demonic guardian appears!
The tyrant leech draws strength from your injuries!
You hit the tyrant leech but do no damage.
The tyrant leech is lightly wounded.
Your ufetubus barely misses the tyrant leech.
Your ufetubus hits the tyrant leech.
You strike the helpless tyrant leech from behind!
You hit the tyrant leech but do no damage.
Your tail-slap misses the tyrant leech.
The tyrant leech is lightly wounded.
Your ufetubus slips past the tyrant leech!
Your ufetubus hits the tyrant leech but does no damage.
Your ufetubus hits the tyrant leech.
You rampage towards the tyrant leech!
Your unstable footing causes you to fumble your attack.
The tyrant leech bites you!!
You die...
Your body crumbles into a pile of gold.

####### ##~~~~~###
#~~~~w@5~##
#~≈~~~≈~..### ##
## ~~~##~##~~...#
.##.###.~~~~#~~
#~~~.$## ##
.........~≈##~
##≈$~..## ######.
....>....~~#?~
#~~P#.P###......
.........~≈##
##≈~##...##.###.P
......# #~~~#
#~~~~##.P##.#....
......# #~~~##
##~~####...+...P..


You could see a tyrant leech (confused, ally target) and a friendly ufetubus
(summoned).

Vanquished Creatures
  A minotaur (Gauntlet)
  Josephine (D:10)
  Harold (D:9)
  2 two-headed ogres
  A fire crab (Gauntlet)
  A skyshark (Lair:2)
  Pikel (D:4)
  An arcanist (Gauntlet)
  A manticore (D:12)
  A black mamba (Lair:2)
  Joseph (D:8)
  4 cane toads
  Psyche (D:10)
  2 gargoyles
  2 rime drakes
  A kobold demonologist (D:12)
  2 komodo dragons (Lair:1)
  3 trolls
  A hornet (D:10)
  Prince Ribbit (Lair:1)
  7 blink frogs
  2 centaur simulacra (Gauntlet)
  4 shadows
  9 wraiths
  Sigmund (D:5)
  12 yaks
  2 wyverns
  4 fire bats (Gauntlet)
  A basilisk (D:8)
  2 steam dragons
  5 swamp worms (Lair:2)
  3 hell hounds (Gauntlet)
  An acid dragon (D:8)
  8 water moccasins
  Duvessa (D:4)
  5 sky beasts
  3 ice beasts
  8 orc warriors
  2 ogres (D:5)
  15 wolves
  4 centaurs
  A lemure (D:4)
  2 phantoms
  Blork the orc (D:6)
  5 kobold brigands
  7 bullfrogs
  A gnoll sergeant (D:10)
  3 scorpions
  3 wights (D:8)
  A hornet simulacrum (Gauntlet)
  Dowan (D:4)
  10 killer bees (D:8)
  2 howler monkeys
  3 electric eels
  2 jellies
  Crazy Yiuf (D:3)
  A gnoll bouda (D:8)
  5 orc priests
  5 hounds
  Jessica (D:2)
  Ijyb (D:3)
  Natasha (twice) (D:2)
  Terence (D:3)
  2 iguanas
  3 sleepcaps
  10 orc wizards
  6 hell rats (Lair:2)
  4 adders
  4 gnolls (D:10)
  2 shadow imps
  3 white imps
  2 ufetubi (D:6)
  4 dart slugs
  40 orcs
  7 ball pythons
  3 bats (D:1)
  4 endoplasms
  4 giant cockroaches
  13 goblins
  9 hobgoblins
  A frilled lizard (D:1)
  41 kobolds
  4 rats (D:1)
353 creatures vanquished.

Vanquished Creatures (others)
  An electric eel (Lair:2)
  A jelly (D:6)
  An orc (D:3)
3 creatures vanquished.

Grand Total: 356 creatures vanquished

Notes
Turn   | Place    | Note
-------+----------+-------------------------------------------
     0 | D:1      | croobank the Demonspawn Gladiator began the quest for the
                  | Orb.
     0 | D:1      | Reached XP level 1. HP: 16/16 MP: 1/1
    52 | D:1      | Gained mutation: You have a small tail. [demonic ancestry]
    52 | D:1      | Reached XP level 2. HP: 22/22 MP: 2/2
   470 | D:1      | Reached XP level 3. HP: 28/28 MP: 3/3
   667 | D:2      | Noticed Jessica
   673 | D:2      | Killed Jessica
   797 | D:2      | Found Xeveti's Magic Scroll Boutique.
   807 | D:2      | Bought a scroll of identify for 28 gold pieces
   807 | D:2      | Bought a scroll of identify for 28 gold pieces
   834 | D:2      | Gained mutation: You are partially covered in icy blue
                  | scales. (AC +2) [demonic ancestry]
   834 | D:2      | Reached XP level 4. HP: 34/34 MP: 4/4
  1057 | D:2      | Noticed Natasha
  1068 | D:2      | Killed Natasha
  1229 | D:2      | Noticed Natasha
  1240 | D:2      | Killed Natasha
  1434 | D:3      | Reached XP level 5. HP: 41/41 MP: 5/5
  1515 | D:3      | Found the +8 lance "Wyrmbane" {slay drac, rPois rF+ rC+
                  | AC+3}
  1561 | D:3      | Found a runed translucent gate.
  1562 | D:3      | Found a runed translucent gate.
  1562 | D:3      | Found a runed translucent gate.
  1563 | D:3      | Noticed hgbash's ghost (amateur SpSh)
  1563 | D:3      | Noticed wildpjah's ghost (weakling MfSh)
  1636 | D:3      | Learned a level 1 spell: Slow
  1890 | D:3      | Noticed Terence
  1895 | D:3      | Killed Terence
  2076 | D:3      | Found a runed translucent door.
  2077 | D:3      | Noticed Crazy Yiuf
  2154 | D:4      | Noticed an ice beast
  2174 | D:4      | Killed an ice beast
  2175 | D:4      | Reached skill level 1 in Spellcasting
  2175 | D:4      | Reached skill level 1 in Hexes
  2175 | D:4      | Reached XP level 6. HP: 47/47 MP: 6/8
  2284 | D:4      | Noticed Pikel
  2380 | D:4      | Killed Pikel
  2381 | D:4      | Reached skill level 2 in Spellcasting
  2381 | D:4      | Gained mutation: You regenerate a little health from kills.
                  | [demonic ancestry]
  2381 | D:4      | Reached XP level 7. HP: 8/53 MP: 8/11
  2677 | D:4      | Noticed Ijyb
  2691 | D:3      | Killed Ijyb
  2763 | D:4      | Noticed Duvessa
  2763 | D:4      | Noticed Dowan
  2782 | D:4      | Killed Duvessa
  2783 | D:4      | Reached skill level 3 in Spellcasting
  2783 | D:4      | Killed Dowan
  3418 | D:5      | Entered Level 5 of the Dungeon
  3478 | D:5      | Gained mutation: You have a tail ending in a sharp stinger.
                  | [demonic ancestry]
  3478 | D:5      | Reached XP level 8. HP: 60/60 MP: 11/13
  3505 | D:5      | Noticed Sigmund
  3531 | D:5      | Killed Sigmund
  3574 | D:5      | Reached skill level 4 in Spellcasting
  3803 | D:5      | Found a staircase to the Ecumenical Temple.
  4292 | D:5      | Identified the +4 leather armour "Vooloust" {Rampage +Inv
                  | Str-3 Stlth+}
  4437 | D:6      | Reached skill level 5 in Hexes
  4529 | D:6      | Gained mutation: You have a sharp stinger which inflicts
                  | weakening toxins. [demonic ancestry]
  4529 | D:6      | Reached XP level 9. HP: 63/67 MP: 15/15
  4533 | D:6      | Learned a level 3 spell: Confusing Touch
  4545 | D:6      | Noticed Blork the orc
  4559 | D:6      | Killed Blork the orc
  4560 | D:6      | Reached skill level 5 in Polearms
  4772 | D:6      | Reached skill level 5 in Fighting
  4871 | D:6      | Reached skill level 5 in Dodging
  4935 | D:6      | Reached skill level 5 in Spellcasting
  5163 | D:6      | Found Zisobas's Antique Armour Boutique.
  5358 | D:7      | Found a runed translucent gate.
  5358 | D:7      | Found a runed translucent gate.
  5358 | D:7      | Found a runed translucent gate.
  5358 | D:7      | Noticed a polar bear
  5358 | D:7      | Found the +11 plutonium sword {Contam Stlth-}
  5836 | D:7      | Found an opulent altar of Gozag.
  5844 | D:7      | Became a worshipper of Gozag Ym Sagoz the Greedy
  5880 | D:7      | Found a snail-covered altar of Cheibriados.
  6205 | D:2      | Bought a scroll of identify for 28 gold pieces
  6304 | D:3      | Killed Crazy Yiuf
  6637 | D:8      | Reached skill level 5 in Throwing
  6805 | D:8      | Noticed Joseph
  6823 | D:8      | Killed Joseph
  6824 | D:8      | Reached skill level 6 in Spellcasting
  6924 | D:8      | Reached XP level 10. HP: 57/76 MP: 19/19
  7063 | D:8      | Found a staircase to the Lair.
  7084 | D:8      | Found Ytozu's Tiny Tomes.
  7108 | D:8      | Found a flagged portal.
  7126 | Bailey   | Entered a bailey
  8258 | D:8      | Reached skill level 7 in Spellcasting
  8632 | D:9      | Noticed Harold
  9091 | D:9      | Killed Harold
  9092 | D:9      | Gained mutation: A weak demonic guardian rushes to your
                  | aid. [demonic ancestry]
  9092 | D:9      | Reached XP level 11. HP: 71/83 MP: 20/22
  9286 | D:10     | Entered Level 10 of the Dungeon
  9286 | D:10     | Noticed Josephine
  9366 | D:9      | Learned a level 2 spell: Blink
  9370 | D:9      | Learned a level 3 spell: Ozocubu's Armour
  9753 | D:10     | Noticed Psyche
  9773 | D:10     | Killed Psyche
  9887 | D:10     | Killed Josephine
 10452 | D:10     | Reached skill level 8 in Spellcasting
 10583 | D:10     | Noticed a two-headed ogre
 10598 | D:10     | Killed a two-headed ogre
 11632 | D:11     | Reached skill level 1 in Translocations
 11632 | D:11     | Reached skill level 1 in Ice Magic
 11640 | D:11     | Found Tieripp's General Store.
 11757 | D:11     | Found a runed translucent gate.
 11757 | D:11     | Found a runed translucent gate.
 11757 | D:11     | Found a runed translucent gate.
 11762 | D:11     | Noticed pokeman's ghost (novice DEHW)
 12895 | D:12     | Found a shimmering altar of Xom.
 12949 | D:12     | Noticed a two-headed ogre
 12960 | D:12     | Killed a two-headed ogre
 14279 | D:12     | Found a staircase to the Orcish Mines.
 14586 | D:13     | Noticed a centaur warrior
 14792 | Lair:1   | Entered Level 1 of the Lair of Beasts
 14792 | Lair:1   | Found a gate leading to a gauntlet.
 14818 | Gauntlet | Entered a Gauntlet
 14818 | Gauntlet | Found a transporter.
 14818 | Gauntlet | Found a transporter.
 14818 | Gauntlet | Found a transporter.
 14828 | Gauntlet | Found a transporter.
 14832 | Gauntlet | Found a transporter.
 14834 | Gauntlet | Noticed an arcanist
 14839 | Gauntlet | Found a transporter.
 14842 | Gauntlet | Found a transporter.
 14849 | Gauntlet | Noticed a fire crab
 14852 | Gauntlet | Found a transporter.
 14870 | Gauntlet | Found a transporter.
 14870 | Gauntlet | Noticed a balrug
 14889 | Gauntlet | Found a transporter.
 14891 | Gauntlet | Found a transporter.
 14901 | Gauntlet | Found a transporter.
 14972 | Gauntlet | Gained mutation: You are mostly covered in icy blue scales.
                  | (AC +3) [demonic ancestry]
 14972 | Gauntlet | Reached XP level 12. HP: 72/91 MP: 24/24
 15123 | Gauntlet | Identified the amulet "Ryimien" {Spirit rN+ Will+}
 15225 | Gauntlet | Identified the +0 ice dragon scales "Cysielesh" {Contam
                  | Rampage rF- rC++ rCorr Dex+4}
 15225 | Gauntlet | Noticed a minotaur
 15274 | Gauntlet | Killed a minotaur
 15441 | Gauntlet | Got the Vellum of Ghastly Illusion
 15889 | Lair:1   | Noticed Prince Ribbit
 15911 | Lair:1   | Killed Prince Ribbit
 16911 | Lair:2   | Reached skill level 9 in Spellcasting
 17995 | Lair:2   | Found a staircase to the Swamp.
 18605 | Lair:2   | Mangled by a tyrant leech

Illustrated notes

Levels and vault maps discovered:
D:1:      eino_arrival_tree_alley, layout_rooms
D:2:      layout_loops_cross, serial_shops, shop, basic_altar, uniq_jessica,
          uniq_natasha
D:3:      layout_loops_ring, gammafunk_ghost_cemetery, uniq_terence,
          uniq_crazy_yiuf_cottage
D:4:      cheibrodos_old_hovel, layout_basic, minmay_misc_feat_enclosed,
          uniq_ijyb, uniq_duvessa, uniq_pikel
D:5:      layout_basic, minmay_temple_entry_statues_fountains, uniq_sigmund
D:6:      layout_basic, serial_shops, kennysheep_mini_moat,
          minmay_strange_pillars, st_stairs_1, uniq_blork_the_orc
D:7:      lemuel_bear_cage, layout_basic, mainiacjoe_overflow_catch_the_wave
D:8:      layout_basic, minmay_lair_entry_grove, enter_bailey_5,
          nicolae_shop_i_like_small_books_too, uniq_joseph
D:9:      layout_rooms, nicolae_elevator_lobby_asterisk, uniq_harold
D:10:     layout_roguey, serial_glass, glass_columns_b, glass_columns_a,
          uniq_josephine, uniq_psyche
D:11:     layout_loops_ring, gammafunk_ghost_spectres, serial_shops, shop,
          dk_noncrumbling_2, kennysheep_just_a_vault
D:12:     layout_basic, hiddenorc1_lemuel, xom_teletrap_fun
D:13:     layout_stronghold, hangedman_vaults_entry_quadrant_bands,
          kennysheep_opposing_triangles
Lair:1:   layout_long_grid, gauntlet_entry_generic, serial_forest,
          infiniplex_forest_end_2, infiniplex_forest_clump_double,
          infiniplex_forest_lined_room_, infiniplex_forest_lined_4_way,
          infiniplex_forest_lined_2, infiniplex_forest_clump_long,
          infiniplex_forest_straight_2, infiniplex_forest_straight_5,
          infiniplex_forest_clump_double, serial_bayou_shore_a,
          uniq_prince_ribbit2
Lair:2:   layout_roguey, nicolae_swamp_entry_splash_gauntlet,
          chequers_serial_rivers_large_a, worms_lemuel, serial_bayou_shore_b,
          infiniplex_staircase_pool
Lair:3:   onia_ninara_swampy_vault, layout_hall_layers,
          guppyfry_snake_entry_garden, uniq_urug

Skill      XL: |  1  2  3  4  5  6  7  8  9 10 11 12 |
---------------+-------------------------------------+-----
Throwing       | 2 3 4 5 6 7 |  7.7
Polearms       | 3 4 5 6 7 8 |  8.2
Dodging        | 3 4 5 6 7 8 |  8.0
Fighting       | 3 4 5 6 7 8 |  8.6
Spellcasting   | 1 2 3 4 6 7 8 9 |  9.2
Hexes          | 1 3 5 6 8 |  8.9
Translocations | 2 3 |  3.9
Ice Magic      | 2 3 |  3.9

Action                     |  1- 3 |  4- 6 |  7- 9 | 10-12 || total
---------------------------+-------+-------+-------+-------++-------
  Melee: Trident           |    75 |    44 |       |       ||   119
         Tailslap          |     7 |     4 |    37 |   178 ||   226
         Punch             |     1 |     1 |       |    18 ||    20
         Lance             |       |    45 |   288 |  1096 ||  1429
         Unarmed           |       |       |       |     7 ||     7
   Fire: Hand cannon       |       |       |       |    19 ||    19
  Throw: Throwing net      |     3 |     4 |       |     8 ||    15
         Dart              |       |     5 |       |       ||     5
         Javelin           |       |     4 |    11 |       ||    15
         Boomerang         |       |       |       |    17 ||    17
   Cast: Slow              |       |     1 |     5 |       ||     6
         Confusing Touch   |       |       |    11 |    75 ||    86
  Evoke: Wand              |       |       |     3 |    22 ||    25
    Use: Scroll            |       |     4 |     7 |    24 ||    35
         Potion            |       |       |     2 |     9 ||    11
   Stab: Sleeping          |     1 |     1 |     1 |     2 ||     5
         Confused          |       |       |     5 |    43 ||    48
         Distracted        |       |       |     4 |     6 ||    10
         Invisible         |       |       |       |     1 ||     1
         Held in net/web   |       |       |       |     7 ||     7
 Armour: Leather armour    |    28 |    60 |   135 |   580 ||   803
         Skin              |       |       |       |     6 ||     6
  Dodge: Dodged            |    31 |    44 |   116 |   580 ||   771
         Form:             |       |       |     1 |       ||     1
         Beast             |       |       |     1 |       ||     1

Table legend: (Time is in decaauts)
 A = Elapsed time spent in this place.
 B = Non-inter-level travel time spent in this place.
 C = Inter-level travel time spent in this place.
 D = Time resting spent in this place.
 E = Time spent auto-exploring this place.
 F = Levels seen in this place.
 G = Mean time per level.
                   A        B        C        D        E       F      G
               +--------+--------+--------+--------+--------+-----+--------+
         Total |  18356 |  17429 |    927 |   5094 |   8795 |  18 | 1019.8 |
       Dungeon |  14191 |  13286 |    905 |   3916 |   7003 |  13 | 1091.6 |
          Lair |   3055 |   3033 |     22 |    707 |   1711 |   3 | 1018.3 |
        Bailey |    512 |    512 |      0 |    210 |     68 |   1 |  512.0 |
      Gauntlet |    597 |    597 |      0 |    260 |     12 |   1 |  597.0 |
               +--------+--------+--------+--------+--------+-----+--------+

Top non-repeatable levels by time:
    D:12: 2183 daAuts
     D:8: 2087 daAuts
  Lair:2: 1484 daAuts
  Lair:1: 1366 daAuts
    D:11: 1362 daAuts
     D:3: 1274 daAuts
     D:4: 1085 daAuts
    D:10: 1063 daAuts
     D:2: 964 daAuts
     D:6: 952 daAuts
     D:5: 886 daAuts
     D:9: 811 daAuts
     D:7: 783 daAuts
Gauntlet: 597 daAuts
     D:1: 536 daAuts
